 Dungeon Crawl Stone Soup version 0.21-a0-104-g7b58145 (webtiles) character file.

109 tilp the Magician (level 4, -6/33 HPs)
             Began as a Hill Orc Fire Elementalist on July 6, 2017.
             Mangled by a phantom (9 damage)
             ... on level 2 of the Dungeon.
             The game lasted 00:08:26 (2718 turns).

tilp the Magician (Hill Orc Fire Elementalist)      Turns: 2718, Time: 00:08:27

Health: -6/33      AC:  2    Str: 10    XL:     4   Next: 89%
Magic:  4/9        EV: 11    Int: 16    God:
Gold:   228        SH:  3    Dex: 11    Spells: 4/10 levels left

rFire    . . .     SeeInvis .   j - +1 dagger (venom)
rCold    . . .     Gourm    .   h - +0 buckler
rNeg     . . .     Faith    .   a - +0 robe
rPois    .         Spirit   .   (no helmet)
rElec    .         Reflect  .   (no cloak)
rCorr    .         Harm     .   (no gloves)
MR       .....                  (no boots)
Stlth    ++........             (no amulet)
HPRegen  0.11/turn              (no ring)
MPRegen  0.11/turn              (no ring)

@: lethally poisoned (-6 -> -11), very slightly contaminated
A: no striking features
a: no special abilities


You were on level 2 of the Dungeon.
You were not hungry.

You visited 1 branch of the dungeon, and saw 3 of its levels.

You collected 228 gold pieces.

Inventory:

Hand Weapons
 j - a +1 dagger of venom (weapon)
Armour
 a - a +0 robe (worn)
 h - a +0 buckler (worn)
Scrolls
 d - a scroll of fog {unknown}
 f - a scroll of fear {unknown}
 g - 3 scrolls of teleportation {unknown}
 l - 2 scrolls of identify {unknown}
 m - a scroll of immolation {unknown}
 n - a scroll of enchant armour {unknown}
 o - a scroll of enchant weapon {unknown}
 t - a scroll of remove curse {unknown}
Potions
 e - 2 potions of degeneration {unknown}
 i - a potion of magic {unknown}
 k - a potion of lignification {unknown}
 p - a potion of cancellation {unknown}
 s - a potion of ambrosia {unknown}
Books
 b - a book of Flames

   Spells                             Type                      Level
   a - Flame Tongue                   Conjuration/Fire             1
   b - Throw Flame                    Conjuration/Fire             2
   c - Conjure Flame                  Conjuration/Fire             3
   d - Inner Flame                    Hexes/Fire                   3
   e - Sticky Flame                   Conjuration/Fire             4
   f - Fireball                       Conjuration/Fire             5
Comestibles
 c - a bread ration
 q - 3 chunks of flesh
 r - a meat ration


   Skills:
 - Level 1.5 Dodging
 - Level 1.5 Stealth
 - Level 3.5 Spellcasting
 + Level 1.6 Conjurations
 - Level 3.2 Fire Magic


You had 4 spell levels left.
You knew the following spells:

 Your Spells              Type           Power        Failure   Level  Hunger
a - Flame Tongue          Conj/Fire      ##...        11%         1    None
b - Throw Flame           Conj/Fire      ##....       16%         2    ##.....
c - Conjure Flame         Conj/Fire      ##......     32%         3    ###....


Dungeon Overview and Level Annotations

Branches:
Dungeon (3/15)

Altars:
Elyvilon


Message History

Aim: an orc priest, wielding a short sword You miscast Throw Flame.
You are very lightly contaminated with residual magic.
You smell smoke.
You feel sick.
Casting: Throw Flame
Confirm with . or Enter, or press ? or * to list all spells.
Aiming: Throw Flame
Press: ? - help, Shift-Dir - straight line, f/p - orc priest
Aim: an orc priest, wielding a short sword You miscast Throw Flame.
You smell smoke.
The orc shouts!
The kobold shoots a poisoned needle.
The poisoned needle closely misses you.
You feel sick.
The orc priest calls down the wrath of Beogh upon you.
Beogh smites you!
* * * LOW HITPOINT WARNING * * *
You climb upwards.
* * * LOW HITPOINT WARNING * * *
You feel sick. The phantom hits you!
You die...

#.# #.#####...## #.#
#.# ###.#. ##.## #.#
##.#. #...# #.# ##....
#...# #.# ##.....
####...#####.# #......
#......[..##.#####.....
#...................>..
#.....@...##.#####.#.#.
####.W.#####.# #.###.
#...# #.# #.# ## #...#
#.# #.# ##### #.# #.#
#.# #.# #.# #.# #.# #.#
#.# #.#


You could see a phantom.

Vanquished Creatures
  A worker ant (D:3)
  3 adders
  2 oozes
  A worm (D:2)
  A dart slug (D:1)
  3 orcs (D:3)
  10 bats
  2 giant cockroaches
  4 goblins
  4 hobgoblins
  2 quokkas (D:2)
  A frilled lizard (D:2)
  6 kobolds
  6 rats
46 creatures vanquished.

Notes
Turn   | Place    | Note
-------+----------+-------------------------------------------
     0 | D:1      | tilp the Hill Orc Fire Elementalist began the quest for the Orb.
     0 | D:1      | Reached XP level 1. HP: 14/14 MP: 3/3
   254 | D:1      | Reached XP level 2. HP: 18/20 MP: 1/5
   871 | D:1      | Learned a level 2 spell: Throw Flame
  1242 | D:2      | Reached XP level 3. HP: 25/26 MP: 4/6
  1247 | D:2      | Learned a level 3 spell: Conjure Flame
  1856 | D:2      | Reached XP level 4. HP: 25/33 MP: 5/8
  2023 | D:2      | Found a white marble altar of Elyvilon.
  2491 | D:3      | Noticed a phantom
  2718 | D:2      | Mangled by a phantom

Vault maps used:
D:1:      minmay_arrival_glassed_features, roderic_serpentine_path,
          minmay_tetromino_o2
D:2:      elyvilon_altar_4
D:3:      tso_oasis_becter

Skill      XL: |  1  2  3 |
---------------+----------+-----
Spellcasting   | 2 3 |  3.5
Dodging        | |  1.5
Stealth        | |  1.5
Conjurations   | |  1.6
Fire Magic     | |  3.2

Action                   |  1- 3 |  4- 6 || total
-------------------------+-------+-------++-------
Melee: Spear             |    33 |       ||    33
       Dagger            |    59 |    27 ||    86
 Cast: Flame Tongue      |    26 |    10 ||    36
       Throw Flame       |     1 |     1 ||     2
 Stab: Sleeping          |     4 |     1 ||     5
  Eat: Chunk             |     3 |     3 ||     6
Armor: Robe              |    27 |     6 ||    33
Dodge: Dodged            |    53 |    19 ||    72
Block: Buckler           |     5 |     3 ||     8
